AoeStats
← John Hawkwood

Golden Pit

507106875Analyzed
1v1 RM · 17d ago on Sep 16, 2026· 64m 5s· 2 players
Game mode
Random Map
Map size
Tiny (2 player)
Population
200
Speed
Normal
Resources
Standard
Victory
Conquest
Starting age
Dark Age
Ending age
Imperial Age
RankedLock teamsTeams togetherTeam positionsShared explorationLock speedFull tech treeHidden civsTurbo modeCheats
Victory
Defeat
🇨🇱 Spanish · Chile
1082
+14
🇺🇸 Mongols · United States
1046
-14
John Hawkwood
7:37 Loom
9:32 Feudal Age
10:31 Double-Bit Axe
13:43 Horse Collar
20:28 Castle Age
20:06 Bloodlines
22:47 Husbandry
23:03 Forging
23:50 Scale Barding Armor
29:08 Iron Casting
31:43 Bow Saw
36:19 Gold Mining
39:29 Imperial Age
38:26 Wheelbarrow
39:13 Stone Mining
42:48 Conscription
43:06 Gold Shaft Mining
41:57 Heavy Camel Rider
43:59 Fletching
47:03 Hand Cart
50:43 Elite Skirmisher
51:20 Bodkin Arrow
51:26 Padded Archer Armor
53:46 Bracer
54:01 Leather Archer Armor
56:57 Chain Barding Armor
58:08 Fervor
59:00 Chemistry
58:21 Ballistics
61:11 Thumb Ring
63:25 Chemistry
Kurt <3
7:47 Loom
10:21 Feudal Age
11:16 Double-Bit Axe
19:48 Castle Age
19:31 Scale Mail Armor
20:07 Stone Mining
20:02 Horse Collar
20:39 Pikeman
25:01 Fletching
34:32 Chain Mail Armor
34:39 Bodkin Arrow
40:55 Imperial Age
39:09 Gold Mining
40:51 Forging
41:51 Ballistics
44:56 Chemistry
46:43 Wheelbarrow
46:41 Elite Conquistador
47:57 Conscription
48:14 Plate Mail Armor
49:27 Halberdier
52:45 Theocracy
53:12 Elite Conquistador
60:30 Bow Saw
62:25 Hand Cart
Connection lost

Rejoining the realm…

Still unreachable

The connection could not be restored.

Session expired

The server has moved on; the page needs a fresh start.